 Dungeon Crawl Stone Soup version 0.21-a0-583-g2c32b0f (webtiles) character file.

210 slep the Chopper (level 5, -5/27 HPs)
             Began as a Vine Stalker Gladiator on Dec 20, 2017.
             Slain by an orc priest
             ... wielding a +0 flail
              (7 damage)
             ... on level 3 of the Dungeon.
             The game lasted 00:05:42 (1620 turns).

slep the Chopper (Vine Stalker Gladiator)           Turns: 1620, Time: 00:05:43

Health: -5/27      AC:  4    Str: 17    XL:     5   Next: 88%
Magic:  0/15       EV: 13    Int:  8    God:
Gold:   128        SH:  0    Dex: 16    Spells: 4/4 levels left

rFire    + . .     SeeInvis .   a - +0 war axe
rCold    + . .     Gourm    .   (no shield)
rNeg     . . .     Faith    .   b - +0 leather armour
rPois    .         Spirit   +   c - +0 helmet
rElec    .         Reflect  .   n - scarf {rC+ rF+}
rCorr    .         Harm     .   (no gloves)
MR       .....                  (no boots)
Stlth    +.........             (no amulet)
HPRegen  0.49/turn              h - ring of magical power
MPRegen  0.14/turn              (no ring)

@: no status effects
A: fangs 2, regeneration 1, magic shield, antimagic bite, no potion heal 3, rot
immunity
a: no special abilities


You were on level 3 of the Dungeon.
You were not hungry.

You visited 1 branch of the dungeon, and saw 3 of its levels.

You collected 128 gold pieces.

Inventory:

Hand Weapons
 a - a +0 war axe (weapon)
Missiles
 d - 3 throwing nets (quivered)
 t - 25 poisoned needles
Armour
 b - a +0 leather armour (worn)
 c - a +0 helmet (worn)
 m - a scarf of spirit shield
 n - a scarf of resistance (worn)
Jewellery
 h - a ring of magical power (left hand)
Scrolls
 e - a scroll of magic mapping {unknown}
 k - 5 scrolls of identify {unknown}
 l - a scroll of teleportation {unknown}
 q - a scroll of remove curse {unknown}
Potions
 g - 2 potions of curing {unknown}
 i - 2 potions of invisibility {unknown}
 j - 2 potions of haste {unknown}
 o - a potion of mutation {unknown}
 p - a potion of resistance {unknown}
 r - a potion of lignification {unknown}
Comestibles
 f - 5 rations


   Skills:
 + Level 2.4 Fighting
 + Level 4.5 Axes
 + Level 1.8 Throwing
 + Level 1.3 Armour
 + Level 3.1 Dodging
 + Level 0.6 Stealth


You had 4 spell levels left.
You didn't know any spells.

Dungeon Overview and Level Annotations

Branches:
Dungeon (3/15)

Altars:
Cheibriados
Hepliaklqana
Makhleb
Qazlal
Ru
Vehumet
Zin
The Shining One


Innate Abilities, Weirdness & Mutations

You have extremely sharp teeth.
Your natural rate of healing is unusually fast.
When hurt, damage is shared between your health and your magic reserves.
Your bite disrupts and absorbs the magic of your enemies.
Potions cannot restore your health.
You are immune to rotting.


Message History

You hit the goblin.
You kill the goblin!
The orc priest hits you with a flail.
You hit the orc priest.
The orc priest is heavily wounded.
The orc priest hits you with a flail.
* * * LOW HITPOINT WARNING * * *
You hit the orc priest but do no damage.
The orc priest is heavily wounded.
The orc priest misses you.
You barely miss the orc priest.
The orc priest is heavily wounded.
The orc priest mumbles some strange prayers to Beogh against you.
Pain shoots through your body!
* * * LOW HITPOINT WARNING * * *
The orc priest closely misses you.
You closely miss the orc priest.
The orc priest is heavily wounded.
The orc priest hits you with a flail!
You die...

......###.##.##########..........
.....))...##.# ###........
.......)).##.############........
..........†.....................>
####.#....##.############........
#.+....##..[........##........
###....##...........##........
#....##...........##........
#######...†@).....########..
#...†)o.....# ##. ..............#
#[ ####..........# #.
............# ## .%..#...#.#### #
.....###.#.# # ..... .#.. # #


You could see an orc priest.

Vanquished Creatures
  A bullfrog (D:3)
  An orc wizard (D:3)
  3 adders
  A worm (D:2)
  2 dart slugs (D:2)
  5 leopard geckos (D:3)
  8 orcs (D:3)
  2 ball pythons (D:1)
  10 bats
  9 hobgoblins
  6 jackals
  4 kobolds
  2 quokkas (D:2)
  6 frilled lizards
  6 goblins
  4 rats
70 creatures vanquished.

Notes
Turn   | Place    | Note
-------+----------+-------------------------------------------
     0 | D:1      | slep the Vine Stalker Gladiator began the quest for the Orb.
     0 | D:1      | Reached XP level 1. HP: 11/11 MP: 2/2
    97 | D:1      | Reached skill level 3 in Axes
    97 | D:1      | Reached XP level 2. HP: 13/15 MP: 1/3
   602 | D:1      | Reached XP level 3. HP: 16/18 MP: 4/4
  1177 | D:2      | Gained mutation: Your natural rate of healing is unusually fast. [Vine Stalker growth]
  1177 | D:2      | Reached XP level 4. HP: 18/23 MP: 5/5
  1412 | D:3      | Found a burning altar of Makhleb.
  1413 | D:3      | Found a sacrificial altar of Ru.
  1415 | D:3      | Found a glowing silver altar of Zin.
  1416 | D:3      | Found a glowing golden altar of the Shining One.
  1416 | D:3      | Found a radiant altar of Vehumet.
  1417 | D:3      | Found a snail-covered altar of Cheibriados.
  1418 | D:3      | Found a stormy altar of Qazlal.
  1418 | D:3      | Found a hazy altar of Hepliaklqana.
  1566 | D:3      | Noticed a bullfrog
  1573 | D:3      | Killed a bullfrog
  1573 | D:3      | Reached skill level 4 in Axes
  1573 | D:3      | Reached skill level 1 in Armour
  1573 | D:3      | Reached XP level 5. HP: 19/27 MP: 6/6
  1619 | D:3      | HP: 1/27 [orc priest/nerve-wracking pain (8)]
  1620 | D:3      | Slain by an orc priest

Vault maps used:
D:1:      minmay_arrival_arboretum_small, serial_bayou, serial_bayou_shore_b,
          serial_bayou_pond_a, serial_bayou_pond_a, serial_bayou_lake_a,
          serial_bayou_pond_b, minmay_misc_feat_doors, minmay_shallow_snake_nest
D:3:      grunt_temple_overflow_open, first_ration

Skill      XL: |  1  2  3  4 |
---------------+-------------+-----
Axes           | 3 4 |  4.5
Fighting       | 2 |  2.4
Armour         | 1 |  1.3
Dodging        | 3 |  3.1
Throwing       | |  1.8
Stealth        | |  0.6

Action                   |  1- 3 |  4- 6 || total
-------------------------+-------+-------++-------
Melee: War axe           |    96 |    59 ||   155
       Bite              |    27 |     9 ||    36
 Stab: Sleeping          |     2 |     1 ||     3
  Eat: Chunk             |       |     3 ||     3
Armor: Leather armour    |    35 |    20 ||    55
Dodge: Dodged            |    91 |    68 ||   159

Table legend:
 A = Spawn XP
 B = Non-spawn XP
 C = Spawn XP percentage of total XP
 D = Spawn monster count
 E = Non-spawn monster count
 F = Spawn count percentage of total count
 G = Total turns spent on level
                    A         B        C        D         E        F      G
               +---------+---------+-------+---------+---------+-------+---------
         Total |       0 |     301 |   0.0 |       0 |      70 |   0.0 |  1620
               +---------+---------+-------+---------+---------+-------+---------
           D:1 |       0 |      34 |   0.0 |       0 |      20 |   0.0 |   726
           D:2 |       0 |      73 |   0.0 |       0 |      26 |   0.0 |   677
           D:3 |       0 |     194 |   0.0 |       0 |      24 |   0.0 |   217
               +---------+---------+-------+---------+---------+-------+---------
